 Dungeon Sprint DCSS version 0.30.1-11-g7821555f0a (webtiles) character file.

Game seed: 2451437654389629611

2501 Heoruswealwe the Ninja (level 9, -10/45 HPs)
             Began as a Spriggan Artificer on Nov 1, 2023.
             Was an Initiate of Gozag.
             Killed from afar by an orc sorcerer (28 damage)
             ... with a bolt of fire
             ... in the Dungeon (Sprint III: "The Ten Rune Challenge").
             The game lasted 00:11:30 (477 turns).

Heoruswealwe the Ninja (Spriggan Artificer)          Turns: 477, Time: 00:11:30

Health: -10/45     AC:  2    Str:  8    XL:     9   Next: 28%
Magic:  10/10      EV: 22    Int: 13    God:    Gozag
Gold:   988        SH:  0    Dex: 19    Spells: 8/8 levels left

rFire   . . .        a - +0 dagger
rCold   . . .        (no shield)
rNeg    . . .        b - +0 robe
rPois   .            (helmet restricted)
rElec   .            (no cloak)
rCorr   .            (gloves unavailable)
SInv    +            (boots unavailable)
Will    +....        (no amulet)
Stlth   ++++++++++   (no ring)
HPRegen 0.27/turn    (no ring)
MPRegen 0.12/turn

%: no teleportation
@: gold aura, very quick
A: very small, no large weapons, unfitting armour, see invisible, speed 3
a: Renounce Religion, Potion Petition, Call Merchant, Bribe Branch


You were in the Dungeon.
You worshipped Gozag.
Gozag was pleased with you.
You visited 1 branch You collected 988 gold pieces.

Inventory:

Hand Weapons
 a - a +0 dagger (weapon)
Armour
 b - a +0 robe (worn)
Wands
 c - a wand of flame (19) (quivered)
 d - a wand of charming (8)
Scrolls
 k - a scroll of blinking
 l - a scroll of torment {unknown}
 m - 3 scrolls of identify
 o - a scroll of immolation {unknown}
Potions
 f - a potion of curing
 h - a potion of haste
 i - 2 potions of magic
 j - a potion of berserk rage
 n - 3 potions of flight
 p - 5 potions of mutation
Miscellaneous
 e - a box of beasts (inert)


   Skills:
 + Level 4.1 Fighting
 * Level 7.7 Short Blades
 + Level 7.3 Dodging
 O Level 27 Stealth
 - Level 4.0 Evocations


You had 8 spell levels left.
You didn't know any spells.
Your spell library contained the following spells:

 Spells                   Type           Power      Damage    Failure   Level
 Tukima's Dance           Hex            0%         N/A       67%         3
 Passage of Golubria      Tloc           0%         N/A       97%         4
 Yara's Violent Unravell  Hex/Tmut       0%         3d3       100%        5


Dungeon Overview and Level Annotations

Branches:
Dungeon (1/1)

Altars:
Cheibriados
Dithmenos
Elyvilon
Fedhas
Gozag
Hepliaklqana
Kikubaaqudgha
Makhleb
Nemelex Xobeh
Okawaru
Qazlal
Ru
Sif Muna
Trog
Uskayaw
Vehumet
Wu Jian
Xom
Yredelemnul
Zin
The Shining One
Jiyva
Lugonu

Shops:
D [


Innate Abilities, Weirdness & Mutations

You are very small and have problems with some larger weapons.
You are too small for most types of armour.
You have supernaturally acute eyesight. (SInv)
You cover ground extremely quickly. (Speed+++)


Message History

...and a larval stingweird beast leaps out!
The box is emptied!
The orc sorcerer hits your larval stingweird beast but does no damage.
The orc hits your larval stingweird beast but does no damage.
The orc sorcerer hits your larval stingweird beast with a +0 dagger!
The orc priest calls down the wrath of Beogh upon you.
Beogh smites you!
Your larval stingweird beast hits the orc sorcerer.
Your larval stingweird beast barely misses the orc sorcerer.
Your larval stingweird beast grabs the orc sorcerer.
Your larval stingweird beast constricts the orc sorcerer.
You hear a shout! x2
The orc sorcerer hits your larval stingweird beast but does no damage.
Your larval stingweird beast hits the orc sorcerer but does no damage.
Your larval stingweird beast stings the orc sorcerer.
Your larval stingweird beast constricts the orc sorcerer.
An orc comes into view. It is wielding a +0 club.
The orc priest calls down the wrath of Beogh upon you.
Beogh smites you!
The orc sorcerer hits your larval stingweird beast with a +0 dagger.
Your larval stingweird beast hits the orc sorcerer but does no damage.
Your larval stingweird beast stings the orc sorcerer but does no damage.
Your larval stingweird beast constricts the orc sorcerer.
The orc sorcerer hits your larval stingweird beast with a +0 dagger.
The orc priest calls down the wrath of Beogh upon you.
Beogh smites you!
The orc warrior hits your larval stingweird beast with a +0 dire flail!
Your larval stingweird beast dies!
Your larval stingweird beast's corpse disappears in a puff of smoke!
Aiming: Charm
Press: ? - help, Shift-Dir - straight line, f - orc warrior
Aim: an orc warrior, wielding a +0 dire flail and wearing a +0 plate armour (chance to affect: 59%)
The orc warrior is charmed.
The orc barely misses your orc warrior.
The orc sorcerer points at you and mumbles some strange words.
The bolt of fire hits your orc warrior!!
Your orc warrior dies!
The bolt of fire hits you!!
Ouch! That really hurt!
You die...
Your body crumbles into a pile of gold.

▓▓▓ ▓▓ ##.############$ ####$$$
##..#___#___#__###∩#oo_#
.#..#)..#__[#[_#...oo...$$
.#..###'#'###'##.o...o $
'#..#...†......#ooo. $$
#...'.⌠........#.o#$$ $
#...#...######'#§# $ $
....#.⌠.#__#...#@################
....#...#__#...#....#.#.#)..).#^.
....#)###__#...##.#..#.##.###)#..
....#.[)#__#...'##)#.#.##.#..##.^
....#___#__'...#.).#..#..##..'...
▓▓▓▓▓▓▓▓▓▓▓▓▓▓▓▓▓▓▓▓▓▓▓▓▓▓▓▓▓#...
#..^ +... #...


You could see an orc knight, an orc sorcerer, an orc priest, an orc wizard and 5
orcs.

Vanquished Creatures
  A deep elf pyromancer (D)
  A two-headed ogre (D)
  A shadow (D)
  A spatial vortex (D)
  A water elemental (D)
  A necrophage (D)
  A jelly (D)
  A wizard (D)
  A necromancer (D)
  2 humans (D)
  A kobold demonologist (D)
  A phantom (D)
  4 rats (D)
17 creatures vanquished.

Vanquished Creatures (collateral kills)
  Erolcha (D)
  A two-headed ogre (D)
  A human (D)
  2 redbacks (D)
5 creatures vanquished.

Vanquished Creatures (others)
  An orc warrior (D)
  2 two-headed ogres (D)
3 creatures vanquished.

Grand Total: 25 creatures vanquished

Notes
Turn   | Place    | Note
-------+----------+-------------------------------------------
     0 | D        | Heoruswealwe the Spriggan Artificer began the quest for the
                  | Orb.
     0 | D        | Reached XP level 1. HP: 9/9 MP: 2/2
     9 | D        | Reached skill level 3 in Stealth
    36 | D        | Reached skill level 4 in Stealth
    69 | D        | Reached skill level 8 in Stealth
    69 | D        | Reached XP level 2. HP: 14/14 MP: 3/3
    70 | D        | Reached skill level 9 in Stealth
   105 | D        | Noticed a water elemental
   117 | D        | Killed a water elemental
   118 | D        | Reached skill level 12 in Stealth
   118 | D        | Reached XP level 3. HP: 17/17 MP: 4/4
   118 | D        | Reached XP level 4. HP: 21/21 MP: 5/5
   131 | D        | Found a radiant altar of Vehumet.
   131 | D        | Found a shimmering blue altar of Sif Muna.
   131 | D        | Found an ancient bone altar of Kikubaaqudgha.
   131 | D        | Noticed a wizard
   138 | D        | Killed a wizard
   139 | D        | Reached skill level 14 in Stealth
   142 | D        | Noticed a smoke demon
   163 | D        | Found a glowing silver altar of Zin.
   163 | D        | Found a glowing golden altar of the Shining One.
   163 | D        | Found a white marble altar of Elyvilon.
   164 | D        | Noticed a deep elf pyromancer
   166 | D        | Killed a deep elf pyromancer
   167 | D        | Reached skill level 22 in Stealth
   167 | D        | Reached XP level 5. HP: 25/25 MP: 6/6
   167 | D        | Reached XP level 6. HP: 29/29 MP: 7/7
   167 | D        | Reached XP level 7. HP: 32/32 MP: 8/8
   177 | D        | Found a hide-covered altar of Uskayaw.
   177 | D        | Found an iron altar of Okawaru.
   177 | D        | Found a bloodstained altar of Trog.
   177 | D        | Found an ornate altar of the Wu Jian Council.
   177 | D        | Noticed a human
   178 | D        | Noticed a human
   190 | D        | Killed a human
   191 | D        | Reached skill level 23 in Stealth
   203 | D        | HP: 1/32 [human (13)]
   213 | D        | Killed a human
   268 | D        | Found a basalt altar of Yredelemnul.
   268 | D        | Found a shadowy altar of Dithmenos.
   268 | D        | Found a sacrificial altar of Ru.
   272 | D        | Reached skill level 24 in Stealth
   287 | D        | Noticed a shadow
   289 | D        | Killed a shadow
   294 | D        | Reached skill level 25 in Stealth
   295 | D        | Found a blossoming altar of Fedhas.
   295 | D        | Found a stormy altar of Qazlal.
   295 | D        | Found a snail-covered altar of Cheibriados.
   295 | D        | Found a burning altar of Makhleb.
   295 | D        | Found a shimmering altar of Xom.
   295 | D        | Noticed a spatial vortex
   296 | D        | Found a hazy altar of Hepliaklqana.
   296 | D        | Found an opulent altar of Gozag.
   296 | D        | Found a sparkling altar of Nemelex Xobeh.
   296 | D        | Found a corrupted altar of Lugonu.
   296 | D        | Found a viscous altar of Jiyva.
   298 | D        | Killed a spatial vortex
   299 | D        | Reached XP level 8. HP: 37/37 MP: 9/9
   301 | D        | Became a worshipper of Gozag Ym Sagoz the Greedy
   351 | D        | Noticed a two-headed ogre
   354 | D        | Killed a two-headed ogre
   355 | D        | Reached skill level 26 in Stealth
   360 | D        | Noticed Erolcha
   361 | D        | Noticed a two-headed ogre
   375 | D        | Killed Erolcha
   376 | D        | Reached skill level 27 in Stealth
   376 | D        | Reached skill level 5 in Short Blades
   376 | D        | Reached skill level 5 in Dodging
   376 | D        | Reached XP level 9. HP: 24/44 MP: 10/10
   468 | D        | Found Uzetikut's Armour Emporium.
   469 | D        | Noticed an orc sorcerer
   470 | D        | Noticed an orc knight
   477 | D        | Killed from afar by an orc sorcerer

Illustrated notes

Levels and vault maps discovered:
D:        dungeon_sprint_mu [sprint_mu_entry_cave, sprint_mu_temple_rooms,
          sprint_mu_d1_spiders, sprint_mu_d2_genie, sprint_mu_d3_branching,
          sprint_mu_orc_legion, sprint_mu_elf_gauntlet, sprint_mu_hive_nellie,
          sprint_mu_lair_fedhas, sprint_mu_vaults_butterflies,
          sprint_mu_slime_circle, sprint_mu_shoals_kraken,
          sprint_mu_snake_twists, sprint_mu_blade_basic, sprint_mu_crypt_lich,
          sprint_mu_tomb_spiral, sprint_mu_vestibule_basic,
          sprint_mu_gehenna_hellfire, sprint_mu_dis_giant,
          sprint_mu_tartarus_statrot, sprint_mu_cocytus_islands, sprint_mu_zot1]

Skill      XL: |  1  2  3  4  5  6  7  8  9 |
---------------+----------------------------+-----
Stealth        | 8 12 22 25 27 | 27.0
Fighting       | 3 4 |  4.1
Short Blades   | 5 7 |  7.7
Dodging        | 5 7 |  7.3
Evocations     | |  4.0

Action                     |  1- 3 |  4- 6 |  7- 9 || total
---------------------------+-------+-------+-------++-------
  Melee: Club              |    19 |     2 |       ||    21
         Dagger            |       |     1 |    20 ||    21
  Evoke: Wand              |     9 |     6 |    10 ||    25
         Box of beasts     |       |       |     2 ||     2
    Use: Potion            |       |       |     2 ||     2
   Stab: Sleeping          |     2 |     1 |     6 ||     9
 Armour: Robe              |     1 |       |     1 ||     2
  Dodge: Dodged            |    16 |     5 |    18 ||    39
